 Dungeon Crawl Stone Soup version 0.31-a0-188-g5e087ee2ca (webtiles) character file.

Game seed: 2803774967441578893

535 qw the Skirmisher (level 7, -4/41 HPs)
             Began as a Deep Elf Hunter on June 23, 2023.
             Slain by Edmund
             ... wielding a +0 flail of distortion
              (7 damage)
             ... on level 4 of the Dungeon.
             The game lasted 00:01:17 (2457 turns).

qw the Skirmisher (Deep Elf Hunter)                 Turns: 2457, Time: 00:01:18

Health: -4/41      AC:  7    Str: 10    XL:     7   Next: 4%
Magic:  9/9        EV: 11    Int: 14    God:
Gold:   233        SH:  0    Dex: 22    Spells: 6/6 levels left

rFire   + . .        Y - +0 shortbow
rCold   . . .        (shield currently unavailable)
rNeg    . . .        l - +0 ring mail
rPois   .            b - +0 helmet
rElec   .            (no cloak)
rCorr   +            e - +0 pair of gloves
SInv    .            (no boots)
Will    .....        (no amulet)
Stlth   +            i - ring "Ismariu" {Fly rF+ Dex+4 Stlth-}
HPRegen 0.26/turn    k - ring of resist corrosion
MPRegen 0.11/turn

%: no passive effects
@: flying
A: no striking features
a: no special abilities


You were on level 4 of the Dungeon.
You visited 1 branch of the dungeon, and saw 4 of its levels.

You collected 233 gold pieces.


   Skills:
 - Level 3.6 Fighting
 + Level 9.1 Ranged Weapons
 - Level 1.6 Armour
 - Level 3.0 Dodging
 - Level 1.2 Stealth


You had 6 spell levels left.
You didn't know any spells.
Your spell library was empty.

Inventory:

Hand Weapons
 Y - a +0 shortbow (weapon)
Armour
 b - a +0 helmet (worn)
 e - a +0 pair of gloves (worn)
 l - a +0 ring mail (worn)
Jewellery
 i - the ring "Ismariu" (left hand) {Fly rF+ Dex+4 Stlth-}
   (You found it on level 2 of the Dungeon)

   [ring of protection from fire]

   Dex:       It affects your dexterity (+4).
   rF:        It protects you from fire.
   Fly:       It grants you flight.
   Stlth:     It makes you less stealthy.
 k - a ring of resist corrosion (right hand)
 n - a ring of fire
Potions
 a - a potion of lignification {unknown}
 c - a potion of mutation {unknown}
 d - a potion of berserk rage {unknown}
 f - a potion of curing {unknown}
 g - a potion of experience {unknown}
 h - a potion of enlightenment {unknown}
 j - a potion of brilliance {unknown}
 m - a potion of ambrosia {unknown}
 o - a potion of heal wounds {unknown}

Dungeon Overview and Level Annotations

Branches:
Dungeon (4/15)
 Temple: D:4-7

Altars:
Makhleb
Ru
Vehumet
Wu Jian

Annotations:
D:4 Edmund


Message History

You shoot an arrow. The arrow hits Edmund.
Edmund is lightly wounded.
You shoot an arrow. The arrow barely misses Edmund.
Edmund closely misses you.
You shoot an arrow. The arrow barely misses Edmund.
Edmund barely misses you.
You shoot an arrow. The arrow closely misses Edmund.
Edmund hits you with a +0 flail of distortion!
Edmund hits you with a +0 flail of distortion.
Space warps around you.
You shoot an arrow.
The arrow hits Edmund but does no damage.
Edmund is lightly wounded.
Edmund closely misses you.
You shoot an arrow. The arrow hits Edmund.
Edmund is lightly wounded.
Edmund closely misses you.
You shoot an arrow.
The arrow hits Edmund but does no damage.
Edmund is lightly wounded.
Edmund closely misses you.
You shoot an arrow. The arrow hits Edmund.
Edmund is moderately wounded.
Edmund hits you but does no damage. Space warps horribly around you!!
You shoot an arrow. The arrow closely misses Edmund.
Edmund misses you.
You shoot an arrow.
The arrow hits Edmund but does no damage.
Edmund is moderately wounded.
Edmund misses you.
You shoot an arrow.
The arrow hits Edmund but does no damage.
Edmund is moderately wounded.
Edmund hits you with a +0 flail of distortion.
Space warps around you.
You shoot an arrow. The arrow hits Edmund.
Edmund is moderately wounded.
Edmund closely misses you.
Edmund hits you with a +0 flail of distortion!
You die...

###.###.###.#.## #.#
#.# #....#
#.###'###.##.###
#.#####...'_'...##....
#.......#######.##.###
#..####.# ### #.##.#
.#..##### #....#
#@#...... .###
#@..(.... #######
#.######## ...... .##
#####.. .# ....... #.
#####.. # #####.
#..... # #.###. #. #.
#.


You could see Edmund.

Vanquished Creatures
  Grinder (D:4)
  A scorpion (D:4)
  An orc priest (D:3)
  A hound (D:4)
  Jessica (D:2)
  An orc wizard (D:3)
  A sleepcap (D:4)
  Robin (D:2)
  2 adders
  2 worms (D:4)
  4 dart slugs
  10 orcs
  8 ball pythons
  6 endoplasms
  4 giant cockroaches
  9 hobgoblins
  2 jackals (D:1)
  3 quokkas (D:1)
  7 bats
  2 frilled lizards (D:2)
  12 goblins
  5 kobolds (D:1)
  2 rats (D:3)
86 creatures vanquished.

Notes
Turn   | Place    | Note
-------+----------+-------------------------------------------
     0 | D:1      | qw the Deep Elf Hunter began the quest for the Orb.
     0 | D:1      | Reached XP level 1. HP: 12/12 MP: 3/3
     0 | D:1      | 0 ||| qw: Version: 0.3-a-9-g12657ce
     0 | D:1      | 0 ||| qw: Game counter: 3146
     0 | D:1      | 0 ||| qw: Always use a shield: true
     0 | D:1      | 0 ||| qw: God list: Okawaru
     0 | D:1      | 0 ||| qw: Allow faded altars: false
     0 | D:1      | 0 ||| qw: Do Orc after D:15 true
     0 | D:1      | 0 ||| qw: Do second Lair branch before Depths: true
     0 | D:1      | 0 ||| qw: Lair rune preference: random
     0 | D:1      | 0 ||| qw: Plans: Normal
     0 | D:1      | 0 ||| PLANNING D:1-11
   117 | D:1      | Reached skill level 6 in Ranged Weapons
   117 | D:1      | Reached XP level 2. HP: 16/16 MP: 4/4
   128 | D:1      | 128 ||| FLEEEEING.
   335 | D:1      | Reached XP level 3. HP: 20/20 MP: 5/5
   528 | D:1      | 528 ||| UPGRADING to +0 pair of gloves.
   533 | D:1      | 533 ||| DROPPING +6 ring of intelligence.
   534 | D:1      | 534 ||| READING 3 scrolls labelled ETRIKL VOJU.
   535 | D:1      | 535 ||| DROPPING 2 scrolls of revelation.
   536 | D:1      | 536 ||| DROPPING scroll of butterflies.
   615 | D:2      | Noticed Robin
   616 | D:2      | Reached skill level 7 in Ranged Weapons
   616 | D:2      | 616 ||| FLEEEEING.
   617 | D:2      | 617 ||| FLEEEEING.
   618 | D:2      | 618 ||| FLEEEEING.
   619 | D:2      | 619 ||| FLEEEEING.
   620 | D:2      | 620 ||| FLEEEEING.
   621 | D:2      | 621 ||| FLEEEEING.
   622 | D:2      | 622 ||| FLEEEEING.
   623 | D:2      | 623 ||| FLEEEEING.
   625 | D:2      | 625 ||| FLEEEEING.
   626 | D:2      | 626 ||| FLEEEEING.
   627 | D:2      | 627 ||| FLEEEEING.
   628 | D:2      | 628 ||| FLEEEEING.
   629 | D:2      | 629 ||| FLEEEEING.
   630 | D:2      | 630 ||| FLEEEEING.
   631 | D:2      | 631 ||| FLEEEEING.
   632 | D:2      | 632 ||| FLEEEEING.
   633 | D:2      | 633 ||| FLEEEEING.
   634 | D:2      | 634 ||| FLEEEEING.
   635 | D:2      | 635 ||| FLEEEEING.
   636 | D:2      | 636 ||| FLEEEEING.
   637 | D:2      | 637 ||| FLEEEEING.
   655 | D:2      | Killed Robin
   660 | D:2      | Reached XP level 4. HP: 15/25 MP: 6/6
   660 | D:2      | 660 ||| FLEEEEING.
   661 | D:2      | 661 ||| FLEEEEING.
   662 | D:2      | 662 ||| FLEEEEING.
   663 | D:2      | 663 ||| FLEEEEING.
   664 | D:2      | 664 ||| FLEEEEING.
   665 | D:2      | 665 ||| FLEEEEING.
   666 | D:2      | 666 ||| FLEEEEING.
   667 | D:2      | 667 ||| FLEEEEING.
   668 | D:2      | 668 ||| FLEEEEING.
   669 | D:2      | 669 ||| FLEEEEING.
   670 | D:2      | 670 ||| FLEEEEING.
   671 | D:2      | 671 ||| FLEEEEING.
   672 | D:2      | 672 ||| FLEEEEING.
   673 | D:2      | 673 ||| FLEEEEING.
   674 | D:2      | 674 ||| FLEEEEING.
   675 | D:2      | 675 ||| FLEEEEING.
   676 | D:2      | 676 ||| FLEEEEING.
   677 | D:2      | 677 ||| FLEEEEING.
   681 | D:2      | 681 ||| FLEEEEING.
   682 | D:2      | 682 ||| FLEEEEING.
   683 | D:2      | 683 ||| FLEEEEING.
   684 | D:2      | 684 ||| FLEEEEING.
   685 | D:2      | 685 ||| FLEEEEING.
   686 | D:2      | 686 ||| FLEEEEING.
   687 | D:2      | 687 ||| FLEEEEING.
   688 | D:2      | 688 ||| FLEEEEING.
   689 | D:2      | 689 ||| FLEEEEING.
   690 | D:2      | 690 ||| FLEEEEING.
   771 | D:2      | Identified the ring "Ismariu" {Fly rF+ Dex+4 Stlth-}
   961 | D:2      | Noticed Jessica
   966 | D:2      | Killed Jessica
  1117 | D:2      | 1117 ||| UPGRADING to +0 helmet.
  1122 | D:2      | 1122 ||| UPGRADING to ring "Ismariu" {Fly rF+ Dex+4
                  | Stlth-}.
  1123 | D:2      | 1123 ||| DROPPING ring of flight.
  1124 | D:2      | 1124 ||| READING scroll labelled POKHLE MYITU.
  1301 | D:3      | Reached skill level 3 in Dodging
  1349 | D:3      | Reached skill level 8 in Ranged Weapons
  1350 | D:3      | HP: 5/25 [orc/+0 club (4)]
  1353 | D:3      | Reached XP level 5. HP: 3/29 MP: 7/7
  1495 | D:3      | HP: 6/29 [something/magic dart (5)]
  1501 | D:3      | HP: 2/29 [something/puff of flame (2)]
  1615 | D:3      | Found a burning altar of Makhleb.
  1693 | D:3      | Found a sacrificial altar of Ru.
  1722 | D:3      | Found an ornate altar of the Wu Jian Council.
  1862 | D:3      | 1862 ||| UPGRADING to +0 ring mail.
  1872 | D:3      | 1872 ||| DROPPING +0 leather armour.
  1873 | D:3      | 1873 ||| UPGRADING to ring of resist corrosion.
  1874 | D:3      | 1874 ||| READING scroll labelled IZXUIT KAGUR.
  1875 | D:3      | 1875 ||| READING scroll labelled WAB HOSIZUSSI.
  2022 | D:4      | Reached skill level 9 in Ranged Weapons
  2270 | D:4      | Noticed Grinder
  2283 | D:4      | Paralysed by Grinder for 3 turns
  2297 | D:4      | Paralysed by Grinder for 2 turns
  2301 | D:4      | Killed Grinder
  2302 | D:4      | Reached skill level 3 in Fighting
  2302 | D:4      | Reached XP level 6. HP: 29/37 MP: 8/8
  2422 | D:4      | Found a radiant altar of Vehumet.
  2438 | D:4      | Noticed Edmund
  2446 | D:4      | Reached skill level 1 in Armour
  2446 | D:4      | Reached XP level 7. HP: 40/41 MP: 9/9
  2453 | D:4      | HP: 7/41 [Edmund/+0 flail of distortion (19)]
  2456 | D:4      | HP: 2/41 [Edmund/+0 flail of distortion (4)]
  2457 | D:4      | Slain by Edmund

Levels and vault maps discovered:
D:1:      ncdulo_smallfort, layout_basic
D:2:      layout_basic, uniq_robin, uniq_jessica
D:3:      layout_rooms, bloody_makhleb, nzn_wu_jian_contemplation,
          mainiacjoe_overflow_alcove_4, minivault_4
D:4:      layout_loops_ring, lemuel_doored_altar,
          mainiacjoe_overflow_surrounded_room, uniq_grinder, uniq_edmund

Skill      XL: |  1  2  3  4  5  6 |
---------------+-------------------+-----
Ranged Weapons | 6 7 8 9 |  9.1
Dodging        | 3 |  3.0
Fighting       | 3 |  3.6
Armour         | 1 |  1.6
Stealth        | |  1.2

Action                     |  1- 3 |  4- 6 |  7- 9 || total
---------------------------+-------+-------+-------++-------
   Fire: Shortbow          |    99 |   170 |    12 ||   281
    Use: Scroll            |     1 |     3 |       ||     4
 Armour: Leather armour    |     3 |    15 |       ||    18
         Ring mail         |       |     7 |     1 ||     8
  Dodge: Dodged            |    27 |    38 |     8 ||    73

Table legend:
 A = Non-vault XP
 B = Vault XP
 C = Vault XP percentage of total XP
 D = Non-vault monster count
 E = Vault monster count
 F = Vault count percentage of total count
                 A         B        C        D         E       F
            +---------+---------+-------+---------+---------+-------
      Total |     399 |     366 |  47.8 |      71 |      15 |  17.4
            +---------+---------+-------+---------+---------+-------
        D:1 |      59 |       0 |   0.0 |      31 |       0 |   0.0
        D:2 |       8 |      76 |  90.5 |       5 |      14 |  73.7
        D:3 |     130 |       0 |   0.0 |      21 |       0 |   0.0
        D:4 |     202 |     290 |  58.9 |      14 |       1 |   6.7
            +---------+---------+-------+---------+---------+-------
